 Dungeon Crawl Stone Soup version 0.31-a0-879-g1609e0ac53 (webtiles) character file.

Game seed: 10973410351477761407

13585 Xavori the Covert (level 12, -18/89 HPs)
             Began as an Octopode Chaos Knight on Oct 14, 2023.
             Was a Plaything of Xom.
             Killed from afar by Gastronok the shard shrike (29 damage)
             ... with a shard of ice
             ... on level 10 of the Dungeon.
             The game lasted 00:17:44 (17523 turns).

Xavori the Covert (Octopode Chaos Knight)          Turns: 17523, Time: 00:17:44

Health: -18/89     AC:  4    Str:  6    XL:     12   Next: 7%
Magic:  3/12       EV: 10    Int: 23    God:    Xom [.....*]
Gold:   804        SH: 18    Dex: 17    Spells: 11/11 levels left

rFire   . . .        H - +1 dagger (elec)
rCold   . . .        k - +3 tower shield
rNeg    . . .        (helmet currently unavailable)
rPois   .            (no amulet)
rElec   .            o - ring of see invisible
rCorr   .            (no ring)
SInv    +            (no ring)
Will    +....        (no ring)
Stlth   ++++++       (no ring)
HPRegen 1.14/turn    (no ring)
MPRegen 0.13/turn    (no ring)
                     (no ring)

%: clarity
@: beast-form
A: beast (slay +4), almost no armour, amphibious, 8 rings, camouflage 1,
gelatinous body 1, (nimble swimmer 1), tentacles, tentacle spike 2, iridescent
scales 1, agile 1, clarity, clever 2, strong-willed 1, passive freeze,
regeneration 1, robust 1, shaggy fur 1, weak 1, no potion heal 1, inability to
drink after injury 1, inability to read after injury 1, MP-powered wands
a: Begin Untransformation, Renounce Religion


You were on level 10 of the Dungeon.
You worshipped Xom.
You were Xom's teddy bear.
You were a hulking beast.
You visited 1 branch of the dungeon, and saw 10 of its levels.
You also visited: Sewer, Ossuary and Bailey.

You collected 804 gold pieces.

Inventory:

Hand Weapons
 d - a +1 short sword of flaming
 H - a +1 dagger of electrocution (weapon)
Missiles
 C - 4 throwing nets
Armour
 k - a +3 tower shield (worn)
 n - a +0 buckler
Jewellery
 o - a ring of see invisible (left tentacle)
Talismans
 s - a beast talisman (active)
Wands
 q - a wand of digging (8)
 x - a wand of polymorph (11)
 F - a wand of flame (23)
 G - a wand of paralysis (7)
Scrolls
 b - 3 scrolls of butterflies
 e - 7 scrolls of teleportation
 h - 5 scrolls of revelation
 i - a scroll of identify
 j - 4 scrolls of fog
 r - a scroll of enchant weapon {unknown}
 w - a scroll of immolation
 y - 2 scrolls of poison
 E - a scroll of amnesia
Potions
 a - 3 potions of attraction {unknown}
 c - 3 potions of might {unknown}
 g - 3 potions of haste
 l - 7 potions of heal wounds
 m - 4 potions of curing
 p - 2 potions of mutation
 t - a potion of degeneration {unknown}
 u - 3 potions of invisibility {unknown}
 v - 2 potions of ambrosia {unknown}
 z - a potion of brilliance {unknown}
 A - a potion of resistance {unknown}
 B - 2 potions of enlightenment {unknown}
 D - a potion of berserk rage {unknown}


   Skills:
 + Level 7.0 Fighting
 + Level 8.9 Short Blades
 + Level 6.5 Dodging
 + Level 11.9 Stealth
 + Level 7.1 Shields
 + Level 2.0 Unarmed Combat
 * Level 5.4 Evocations
 * Level 7.6 Shapeshifting


You had 11 spell levels left.
You didn't know any spells.
Your spell library contained the following spells:

 Spells                   Type           Power      Damage    Failure   Level
 Blink                    Tloc           0%         N/A       100%        2
 Cigotuvi's Dreadful Rot  Necr/Pois/Air  0%         N/A       100%        2
 Lesser Beckoning         Tloc           0%         N/A       100%        2
 Momentum Strike          Conj/Tloc      0%         3d8       100%        2
 Poisonous Vapours        Pois/Air       0%         N/A       100%        2
 Scorch                   Fire           0%         2d5       100%        2
 Ignite Poison            Fire/Tmut/Pois 0%         N/A       100%        3
 Mephitic Cloud           Conj/Pois/Air  0%         N/A       100%        3
 Flame Wave               Conj/Fire      0%         2d4       100%        4
 Manifold Assault         Tloc           0%         N/A       100%        4
 Freezing Cloud           Conj/Ice/Air   0%         6-21      100%        5
 Summon Cactus Giant      Summ           0%         N/A       100%        6


Dungeon Overview and Level Annotations

Branches:
Dungeon (10/15)            Temple (0/1) D:6            Lair (0/5) D:10
    Orc (0/2) D:10          Sewer (visited)         Ossuary (visited)
 Bailey (visited)

Altars:
Ashenzari
Cheibriados
Dithmenos
Elyvilon
Fedhas
Gozag
Hepliaklqana
Makhleb
Nemelex Xobeh
Qazlal
Ru
Trog
Uskayaw
Wu Jian
Xom
Yredelemnul
Jiyva
Lugonu

Shops:
D:8 :   D:10 :

Portals:
Abyss: D:5

Annotations:
D:10 Gastronok


Innate Abilities, Weirdness & Mutations

You are a hulking beast.
Your limbs bulge with bestial killing power. (Slay +4)
You cannot wear most types of armour.
You are amphibious.
You can wear up to eight rings at the same time.
Your skin changes colour to match your surroundings (Stealth+).
Your rubbery body absorbs attacks. (AC +1, EV +1)
((You are camouflaged when in or above water. (Stealth+)))
You have tentacles for arms and can constrict up to eight enemies at once.
One of your tentacles bears a nasty spike.
You are partially covered in iridescent scales. (AC +2)
You are agile. (Dex +4, Str/Int -1)
You possess an exceptional clarity of mind.
Your mind is very acute. (Int +8, Str/Dex -2)
You are strong-willed. (Will+)
A frigid envelope surrounds you and freezes all who hurt you.
Your natural rate of healing is unusually fast.
You are robust. (+10% HP)
You are covered in fur. (AC +1)
You are weak. (Str -2)
Potions are less effective at restoring your health.
You occasionally lose the ability to drink potions when taking damage.
You occasionally lose the ability to read scrolls when taking damage.
You expend magic power (3 MP) to strengthen your wands.


Message History

You hit the yak.
Your tentacle spike misses the yak.
The yak is severely wounded.
The yak gores you!
The yak is very cold.
The yak is almost dead.
Your white imp gestures at the yak.
The puff of frost hits the yak!
The yak dies!
Your Fighting skill increases to level 7!
No target in view!
No target in view!
Aiming: Paralyse
Press: ? - help, Shift-Dir - straight line, f - Gastronok
Aim: Gastronok the shard shrike (wandering, ally target, hasn't noticed you, chance to affect: 19%)
Okay, then.
Aiming: Throw Flame
Press: ? - help, Shift-Dir - straight line, f - Gastronok
Aim: Gastronok the shard shrike (wandering, ally target, hasn't noticed you, 51% to hit)
You feel a surge of power!
The puff of flame misses Gastronok.
Gastronok spits a shard of ice at you. You block the shard of ice.
Aiming: Throw Flame
Press: ? - help, Shift-Dir - straight line, f/p - Gastronok
Aim: Gastronok the shard shrike (ally target, 51% to hit)
You feel a surge of power!
The puff of flame hits Gastronok!
Gastronok is lightly wounded.
Gastronok is engulfed in a cloud of scalding steam.
Aiming: Paralyse
Press: ? - help, Shift-Dir - straight line, f/p - Gastronok
Aim: Gastronok the shard shrike (lightly wounded, ally target, chance to affect: 19%)
You feel a surge of power!
Gastronok resists with almost no effort.
Gastronok spits a shard of ice at you. The shard of ice hits you!!!
Ouch! That really hurt!
* * * LOW HITPOINT WARNING * * *
You emit a cloud of colourful smoke!
Gastronok spits a shard of ice at you. The shard of ice hits you!!
You die...
Xom is highly amused!

#..# #...##...~~..~~.# #. #..#
#...⌠#...~~..~..## #. #..#
######.§§~..~~...# #. #..#
#...##.§§..~~....# #. #..#
#...###.☼..~~._..# #. #..###...#
#.~..~~...## #.
######........###§~~..~~..# #.
................§§.~..~~..######.
...............§h§.~~..~~.....)..
....(..####.....†..5~..~≈........
#####..# #........b~..~~......÷.
#..# #.........~..~~...####. #..#
#.........§~..~~...# #. #..#
#..........~..~~...# #. #..#
#........#.~≈..~~..# #. #..#
#...(.......~~..≈..# #. #..#
#.[......._[~~..~.## #.


You could see Gastronok the shard shrike (catching breath, ally target) and a
friendly white imp (summoned).

Vanquished Creatures
  An orc knight (Bailey)
  A deep elf pyromancer (Bailey)
  An ugly thing (D:9)
  3 kobold demonologists (D:9)
  2 trolls
  A hornet (D:8)
  A spriggan (D:10)
  A wyvern (D:8)
  A wraith (D:9)
  30 yaks
  3 steam dragons
  Menkaure (D:7)
  2 ice beasts
  12 orc warriors
  7 ogres
  A centaur (D:8)
  2 phantoms
  6 kobold brigands
  An elf zombie (Ossuary)
  3 bullfrogs
  6 gnoll sergeants
  A scorpion (D:4)
  3 wights (D:8)
  8 killer bees
  6 howler monkeys
  2 electric eels (D:10)
  5 hounds
  4 jellies (D:8)
  2 orc priests
  2 gnoll boudas
  5 sleepcaps
  15 orc wizards
  4 mummies (Ossuary)
  11 adders
  32 gnolls
  4 river rats (Sewer)
  3 white imps (D:7)
  An adder zombie (Ossuary)
  3 worms (D:5)
  2 dart slugs (D:1)
  41 orcs
  9 endoplasms
  4 giant cockroaches
  9 goblins
  6 hobgoblins
  11 jackals
  21 kobolds
  3 quokkas
  11 ball pythons
  5 bats
  8 frilled lizards
  A gnoll zombie (Ossuary)
  2 goblin zombies (Ossuary)
  A hobgoblin zombie (Ossuary)
  A jackal zombie (Ossuary)
  2 kobold zombies (Ossuary)
  2 orc zombies (Ossuary)
  11 rats
  A rat zombie (Ossuary)
348 creatures vanquished.

Vanquished Creatures (collateral kills)
  A yak (D:10)
  A gnoll bouda (D:5)
  2 orcs
4 creatures vanquished.

Vanquished Creatures (others)
  A gnoll (D:6)
1 creature vanquished.

Grand Total: 353 creatures vanquished

Notes
Turn   | Place    | Note
-------+----------+-------------------------------------------
     0 | D:1      | Xavori the Octopode Chaos Knight began the quest for the
                  | Orb.
     0 | D:1      | Reached XP level 1. HP: 16/16 MP: 1/1
    79 | D:1      | Reached XP level 2. HP: 21/21 MP: 2/2
   264 | D:1      | XOM: silly message
   266 | D:1      | XOM: divination: detect creatures
   301 | D:1      | Reached XP level 3. HP: 21/26 MP: 3/3
   415 | D:1      | XOM: cloud trail
   717 | D:1      | XOM: divination: detect creatures
  1007 | D:1      | XOM: divination: detect creatures
  1502 | D:1      | XOM is BORED!
  1884 | D:1      | XOM: summons 1 hostile demon
  2020 | D:2      | XOM: silly message
  2775 | D:1      | XOM: summons 1 hostile demon
  2857 | D:2      | XOM: noise
  3038 | D:2      | XOM: 2-stop teleportation journey
  3103 | D:2      | Reached skill level 1 in Stealth
  3707 | D:1      | XOM is BORED!
  3707 | D:1      | XOM: give mutations
  3707 | D:1      | Gained mutation: You occasionally lose the ability to drink
                  | potions when taking damage. [Xom's mischief]
  3707 | D:1      | Gained mutation: You sometimes lose the ability to drink
                  | potions when taking damage. [Xom's mischief]
  3707 | D:1      | Gained mutation: Your spells are a little easier to cast,
                  | but a little less powerful. [Xom's mischief]
  4563 | D:1      | XOM: divination: detect creatures
  4764 | D:1      | XOM: give mutations
  4764 | D:1      | Gained mutation: Your spells are easier to cast, but less
                  | powerful. [Xom's mischief]
  4764 | D:1      | Gained mutation: Your natural rate of healing is unusually
                  | fast. [Xom's mischief]
  5091 | D:1      | XOM: give mutations
  5091 | D:1      | Gained mutation: You have supernaturally acute eyesight.
                  | (SInv) [Xom's grace]
  5091 | D:1      | Gained mutation: You have hidden genetic potential. [Xom's
                  | grace]
  6064 | D:1      | XOM: cloud trail
  6376 | D:1      | XOM: give mutations
  6376 | D:1      | Lost mutation: You have supernaturally acute eyesight.
                  | (SInv) [Xom's mischief]
  6376 | D:1      | Lost mutation: Your spells are easier to cast, but less
                  | powerful. [Xom's mischief]
  6376 | D:1      | Gained mutation: You are clumsy. (Dex -2) [Xom's mischief]
  7005 | D:1      | XOM: god gift: 55 gold pieces
  7301 | D:1      | XOM: god gift: 7 gold pieces
  7306 | D:1      | XOM: summons 4 hostile shadow creatures
  7502 | D:1      | XOM: stat loss: -1 Int (13/14)
  7867 | D:1      | XOM is BORED!
  7867 | D:1      | XOM: give mutations
  7867 | D:1      | Gained mutation: You have great hidden genetic potential.
                  | [Xom's mischief]
  7867 | D:1      | Lost mutation: You are clumsy. (Dex -2) [Xom's mischief]
  7923 | D:1      | XOM: give mutation
  7923 | D:1      | Lost mutation: You sometimes lose the ability to drink
                  | potions when taking damage. [Xom's mischief]
  7981 | D:1      | XOM: draining
  8050 | D:2      | XOM: summons 2 hostile demons
  8138 | D:2      | XOM: summons 3 hostile shadow creatures
  8217 | D:2      | XOM: confuse monster(s)
  8265 | D:2      | Reached skill level 2 in Stealth
  8265 | D:2      | Reached XP level 4. HP: 27/32 MP: 4/4
  8524 | D:2      | Gained mutation: You are robust. (+10% HP) [hidden
                  | potential]
  8737 | D:3      | Found a faded altar of an unknown god.
  9040 | D:3      | Reached skill level 3 in Stealth
  9040 | D:3      | Reached skill level 1 in Shields
  9040 | D:3      | Reached XP level 5. HP: 39/40 MP: 5/5
  9080 | D:3      | Gained mutation: You expend magic power (3 MP) to
                  | strengthen your wands. [hidden potential]
  9080 | D:3      | Lost mutation: You have great hidden genetic potential.
                  | [hidden potential expressed]
  9525 | D:3      | XOM: noise
  9531 | D:4      | Noticed an ogre
  9531 | D:4      | Noticed a phantom
  9534 | D:4      | XOM: butterfly on damage
  9535 | D:4      | Killed an ogre
  9535 | D:4      | XOM: divination: magic mapping
  9536 | D:4      | Reached skill level 4 in Stealth
  9536 | D:4      | Reached XP level 6. HP: 6/47 MP: 6/6
  9786 | D:4      | Reached skill level 1 in Shapeshifting
  9787 | D:4      | Gained mutation: A frigid envelope surrounds you and
                  | freezes all who hurt you. [hidden potential]
  9836 | D:4      | Reached skill level 5 in Stealth
  9876 | D:4      | XOM: enchant monster (bad)
  9883 | D:4      | Reached XP level 7. HP: 42/52 MP: 7/7
 10019 | D:4      | Gained mutation: Your mind is acute. (Int +4, Str/Dex -1)
                  | [hidden potential]
 10019 | D:4      | Lost mutation: You have hidden genetic potential. [hidden
                  | potential expressed]
 10648 | D:5      | Entered Level 5 of the Dungeon
 10766 | D:5      | XOM: summons friendly shadow imp
 10788 | D:5      | XOM: divination: detect creatures
 10815 | D:5      | Reached skill level 5 in Short Blades
 10823 | D:5      | Found a sand-covered staircase.
 10827 | Ossuary  | Entered an ossuary
 10857 | Ossuary  | Reached skill level 6 in Stealth
 10857 | Ossuary  | Reached XP level 8. HP: 45/59 MP: 8/8
 11057 | D:5      | Found a glowing drain.
 11069 | Sewer    | Entered a sewer
 11366 | Sewer    | XOM: noise
 11478 | Sewer    | XOM: noise
 11617 | D:5      | XOM is BORED!
 11617 | D:5      | XOM: noise
 11830 | D:5      | Found a large runed translucent door.
 11831 | D:5      | Found a large runed translucent door.
 11835 | D:5      | Found a corrupted altar of Lugonu.
 11931 | D:5      | Found a one-way gate to the infinite horrors of the Abyss.
 12259 | D:5      | XOM: potion effect (might)
 12401 | D:6      | Reached skill level 7 in Stealth
 12462 | D:6      | Reached skill level 5 in Fighting
 12462 | D:6      | Reached XP level 9. HP: 60/67 MP: 9/9
 12603 | D:6      | Found a staircase to the Ecumenical Temple.
 12611 | D:6      | XOM is BORED!
 12611 | D:6      | XOM: noise
 12617 | D:6      | XOM: 2-stop teleportation journey
 12626 | D:6      | XOM: scenery: create altars
 12821 | D:6      | Found a broken altar of Ashenzari.
 12825 | D:6      | Found a sacrificial altar of Ru.
 13438 | D:7      | XOM: scenery: create altars
 13441 | D:7      | Reached skill level 5 in Shields
 13442 | D:7      | Reached skill level 1 in Unarmed Combat
 13479 | D:7      | Found a basalt altar of Yredelemnul.
 13479 | D:7      | Found a burning altar of Makhleb.
 13509 | D:7      | Noticed a hornet
 13522 | D:7      | Noticed Menkaure
 13529 | D:7      | Killed Menkaure
 13549 | D:7      | XOM: confusion
 13564 | D:7      | XOM: confuse monster(s)
 13569 | D:7      | XOM: butterfly on damage
 13570 | D:7      | XOM: summons 1 hostile shadow creature
 13727 | D:7      | a hornet changed into a yak
 13727 | D:7      | XOM: polymorph hornet -> yak
 13734 | D:7      | Reached skill level 5 in Shapeshifting
 13738 | D:7      | XOM: give mutations
 13738 | D:7      | Gained mutation: Potions are less effective at restoring
                  | your health. [Xom's mischief]
 13738 | D:7      | Lost mutation: Your spells are a little easier to cast, but
                  | a little less powerful. [Xom's mischief]
 13738 | D:7      | Gained mutation: You possess an exceptional clarity of
                  | mind. [Xom's mischief]
 13738 | D:7      | Lost mutation: You occasionally lose the ability to drink
                  | potions when taking damage. [Xom's mischief]
 13742 | D:7      | XOM: summons 5 hostile demons
 13776 | D:7      | Found a flagged portal.
 13776 | D:7      | XOM: 4-stop teleportation journey
 13811 | Bailey   | Entered a bailey
 13846 | Bailey   | Reached XP level 10. HP: 60/74 MP: 10/10
 13847 | Bailey   | Noticed an orc knight
 13851 | Bailey   | XOM: confuse monster(s)
 13854 | Bailey   | Reached skill level 5 in Dodging
 13855 | Bailey   | XOM: 1-stop teleportation journey
 13873 | Bailey   | XOM: silly message
 13879 | Bailey   | XOM: silly message
 13890 | Bailey   | Killed an orc knight
 13891 | Bailey   | Reached skill level 8 in Stealth
 13969 | Bailey   | Found a large runed translucent door.
 13969 | Bailey   | Found a large runed translucent door.
 13970 | Bailey   | Noticed a deep elf pyromancer
 14062 | Bailey   | Killed a deep elf pyromancer
 14135 | D:7      | XOM: god gift: wand of digging (5)
 14325 | D:8      | XOM: destruction
 14332 | D:8      | XOM: 1-stop teleportation journey
 14414 | D:8      | Found a viscous altar of Jiyva.
 14488 | D:8      | XOM: cleaving
 14491 | D:8      | Reached skill level 1 in Evocations
 14500 | D:8      | Reached skill level 9 in Stealth
 14524 | D:8      | Found Xunyuz's Self-Published Books.
 14662 | D:8      | Found a white marble altar of Elyvilon.
 14662 | D:8      | Found a sparkling altar of Nemelex Xobeh.
 14662 | D:8      | Found a hazy altar of Hepliaklqana.
 14664 | D:8      | Found an ornate altar of the Wu Jian Council.
 14664 | D:8      | Found a blossoming altar of Fedhas.
 14664 | D:8      | Found a stormy altar of Qazlal.
 14668 | D:8      | Found a shimmering altar of Xom.
 14699 | D:8      | XOM: torment (38/73 hp)
 14950 | D:8      | XOM: give mutation
 14950 | D:8      | Gained mutation: You occasionally lose the ability to drink
                  | potions when taking damage. [Xom's mischief]
 15320 | D:9      | Reached XP level 11. HP: 79/79 MP: 11/11
 15347 | D:9      | XOM: chaos upgrade
 15348 | D:9      | Noticed a soul eater
 15349 | D:9      | XOM: god gift: book of Scorching
 15356 | D:9      | Reached skill level 10 in Stealth
 15495 | D:9      | Found a shadowy altar of Dithmenos.
 15634 | D:9      | XOM: draining
 15910 | D:9      | Noticed a red ugly thing
 15918 | D:9      | Killed a red ugly thing
 15919 | D:9      | Reached skill level 11 in Stealth
 16158 | D:9      | XOM: torment (42/81 hp)
 16347 | D:10     | Entered Level 10 of the Dungeon
 16396 | D:10     | XOM: 1-stop teleportation journey
 16397 | D:10     | XOM: silly message
 16404 | D:10     | XOM: polymorph yak -> spriggan
 16408 | D:10     | Found a staircase to the Lair.
 16408 | D:10     | Found a bloodstained altar of Trog.
 16408 | D:10     | XOM: 5-stop teleportation journey
 16410 | D:10     | Found a snail-covered altar of Cheibriados.
 16425 | D:10     | XOM: repel stairs
 16617 | D:10     | Found an opulent altar of Gozag.
 16620 | D:10     | Noticed Gastronok
 16653 | D:10     | XOM: silly message
 16661 | D:10     | Reached skill level 5 in Evocations
 16710 | D:10     | XOM: give mutations
 16710 | D:10     | Gained mutation: You occasionally shout uncontrollably at
                  | your foes. [Xom's mischief]
 16710 | D:10     | Gained mutation: You occasionally lose the ability to read
                  | scrolls when taking damage. [Xom's mischief]
 16710 | D:10     | Gained mutation: You are weak. (Str -2) [Xom's mischief]
 16710 | D:10     | Lost mutation: You occasionally shout uncontrollably at
                  | your foes. [Xom's mischief]
 16756 | D:10     | Found Kithries's Book Shop.
 16942 | D:10     | XOM is BORED!
 16942 | D:10     | XOM: summons 3 hostile shadow creatures
 16968 | D:10     | XOM: give mutations
 16968 | D:10     | Gained mutation: One of your tentacles bears a spike.
                  | [Xom's grace]
 16968 | D:10     | Gained mutation: Your mind is very acute. (Int +8, Str/Dex
                  | -2) [Xom's grace]
 16968 | D:10     | Gained mutation: You are covered in fur. (AC +1) [Xom's
                  | grace]
 17060 | D:10     | Found a staircase to the Orcish Mines.
 17064 | D:10     | XOM: chaos upgrade
 17066 | D:10     | XOM: noise
 17069 | D:10     | XOM: summons 3 friendly demons
 17079 | D:10     | XOM: give mutations
 17079 | D:10     | Gained mutation: You are strong-willed. (Will+) [Xom's
                  | grace]
 17079 | D:10     | Gained mutation: You are partially covered in iridescent
                  | scales. (AC +2) [Xom's grace]
 17079 | D:10     | Gained mutation: One of your tentacles bears a nasty spike.
                  | [Xom's grace]
 17079 | D:10     | Gained mutation: You are agile. (Dex +4, Str/Int -1) [Xom's
                  | grace]
 17080 | D:10     | XOM: scenery: create altars
 17108 | D:10     | XOM: god gift: 53 gold pieces
 17213 | D:10     | XOM: summons friendly shadow imp
 17215 | D:10     | Reached XP level 12. HP: 61/88 MP: 12/12
 17315 | D:10     | Noticed a +0 spear
 17315 | D:10     | Noticed a +0 short sword
 17316 | D:10     | Noticed a +0 dagger
 17317 | D:10     | Noticed a +0 short sword
 17318 | D:10     | Noticed a +0 spear
 17318 | D:10     | Noticed a +0 dagger
 17327 | D:10     | Found a hide-covered altar of Uskayaw.
 17435 | D:10     | Gastronok changed into Gastronok the shard shrike
 17435 | D:10     | Noticed Gastronok
 17435 | D:10     | XOM: polymorph Gastronok -> Gastronok the shard shrike
 17493 | D:10     | XOM: polymorph yak -> black mamba
 17494 | D:10     | XOM: snakes to sticks
 17506 | D:10     | XOM: summons friendly white imp
 17512 | D:10     | XOM: smoke on damage
 17522 | D:10     | XOM: smoke on damage
 17523 | D:10     | Killed from afar by Gastronok the shard shrike

Illustrated notes

Levels and vault maps discovered:
D:1:      mrwooster_arrival_statue, layout_rooms
D:2:      layout_loops_ring, serial_forest, infiniplex_forest_clump_cross,
          infiniplex_forest_end_double, infiniplex_forest_lined_ring,
          infiniplex_forest_clump_small, infiniplex_forest_clump_C
D:3:      layout_loops_corners, basic_ecumenical_altar, kennysheep_potato
D:4:      layout_gridville
D:5:      due_chaos_kobolds, layout_basic, enter_ossuary_5,
          cheibrodos_sewer_entry_drain
D:6:      minmay_flawed_box, layout_basic, ashenzari_conservatory_becter,
          lemuel_crystal_altar, minmay_temple_entry_statues
D:7:      layout_rooms, gammafunk_temple_overflow_elements, enter_bailey_2,
          amethyst_killhole, uniq_menkaure
D:8:      layout_loops_ring, grunt_temple_overflow_open,
          hangedman_decor_riveting, nicolae_custom_books, jiyva_altar_1
D:9:      layout_gridville, lemuel_crystal_altar
D:10:     layout_long_grid, mainiacjoe_overflow_alcove_2,
          nicolae_uskayaw_en_pointe, mainiacjoe_overflow_catch_the_wave,
          lair_entry_dummy, kennysheep_orc_monster_closet_entryway,
          serial_shops, nicolae_shop_waterfront, uniq_gastronok

Skill      XL: |  1  2  3  4  5  6  7  8  9 10 11 12 |
---------------+-------------------------------------+-----
Stealth        | 2 3 4 5 6 7 9 11 | 11.9
Dodging        | 3 4 5 6 |  6.5
Shields        | 1 2 3 4 5 6 7 |  7.1
Short Blades   | 4 5 6 7 8 |  8.9
Fighting       | 4 5 6 7 |  7.0
Shapeshifting  | 1 2 4 5 6 7 |  7.6
Unarmed Combat | 2 |  2.0
Evocations     | 2 5 |  5.4

Action                     |  1- 3 |  4- 6 |  7- 9 | 10-12 || total
---------------------------+-------+-------+-------+-------++-------
  Melee: Short sword       |    65 |    93 |   253 |       ||   411
         Constrict         |    17 |    24 |    89 |    45 ||   175
         Tentacles         |    13 |    18 |    96 |    97 ||   224
         Punch             |       |     1 |    10 |    10 ||    21
         Dagger            |       |       |    71 |   339 ||   410
         Unarmed           |       |       |    18 |       ||    18
         Kick              |       |       |       |    33 ||    33
  Evoke: Wand              |       |       |       |     5 ||     5
    Use: Scroll            |       |       |     7 |    10 ||    17
         Potion            |       |       |     1 |     2 ||     3
   Stab: Sleeping          |     9 |    10 |     9 |    25 ||    53
         Distracted        |     1 |       |     2 |     3 ||     6
         Confused          |       |       |     1 |     1 ||     2
         Paralysed         |       |       |       |     2 ||     2
 Armour: Skin              |    23 |    38 |   133 |   134 ||   328
  Dodge: Dodged            |    19 |    36 |   134 |   107 ||   296
  Block: Tower shield      |    13 |     7 |       |   129 ||   149
         Buckler           |       |     7 |    45 |    47 ||    99
   Form: Beast             |       |     1 |       |       ||     1

Table legend: (Time is in decaauts)
 A = Elapsed time spent in this place.
 B = Non-inter-level travel time spent in this place.
 C = Inter-level travel time spent in this place.
 D = Time resting spent in this place.
 E = Time spent auto-exploring this place.
 F = Levels seen in this place.
 G = Mean time per level.
                   A        B        C        D        E       F      G
               +--------+--------+--------+--------+--------+-----+--------+
         Total |  17377 |  17026 |    351 |   8449 |   5993 |  13 | 1336.7 |
       Dungeon |  16405 |  16054 |    351 |   8400 |   5389 |  10 | 1640.5 |
         Sewer |    460 |    460 |      0 |      0 |    352 |   1 |  460.0 |
       Ossuary |    207 |    207 |      0 |      0 |    130 |   1 |  207.0 |
        Bailey |    305 |    305 |      0 |     49 |    122 |   1 |  305.0 |
               +--------+--------+--------+--------+--------+-----+--------+

Top non-repeatable levels by time:
     D:1: 7258 daAuts
     D:2: 1339 daAuts
    D:10: 1201 daAuts
     D:3: 1172 daAuts
     D:5: 1015 daAuts
     D:9: 1010 daAuts
     D:6: 991 daAuts
     D:8: 968 daAuts
     D:4: 872 daAuts
     D:7: 576 daAuts
   Sewer: 460 daAuts
  Bailey: 305 daAuts
 Ossuary: 207 daAuts
